 Dungeon Crawl Stone Soup version 0.29.1-15-g9cfb28693d (webtiles) character file.

Game seed: 2054822806931279266

1931 croobank the Caller (level 9, -2/87 HPs)
             Began as an Octopode Transmuter on Mar 8, 2023.
             Slain by a gnoll bouda
             ... wielding a +0 whip
              (8 damage)
             ... on level 6 of the Dungeon.
             The game lasted 00:16:28 (6503 turns).

croobank the Caller (Octopode Transmuter)           Turns: 6503, Time: 00:16:29

Health: -2/87      AC:  1    Str: 10    XL:     9   Next: 17%
Magic:  10/15      EV: 14    Int: 19    God:
Gold:   309        SH:  0    Dex: 12    Spells: 6/16 levels left

rFire   . . .      SeeInvis +   a - +8 mace "Suycaimu" {speed, rPois Stlth+}
rCold   + . .      Faith    .   (no shield)
rNeg    . . .      Spirit   .   (helmet restricted)
rPois   +          Reflect  .   r - amulet of regeneration
rElec   .          Harm     .   s - ring of protection from cold
rCorr   .          Rampage  .   u - ring of see invisible
Will    .....                   (no ring)
Stlth   ..........              (no ring)
HPRegen 1.04/turn               (no ring)
MPRegen 0.14/turn               (no ring)
                                (no ring)
                                (no ring)

@: berserking, weakened, wereblooded, very quick
A: almost no armour, amphibious, 8 rings, camouflage 1, gelatinous body 1,
(nimble swimmer 1), tentacles
a: no special abilities


You were on level 6 of the Dungeon.
You visited 1 branch of the dungeon, and saw 7 of its levels.

You collected 309 gold pieces.

Inventory:

Hand Weapons
 a - the +8 mace "Suycaimu" (weapon) {speed, rPois Stlth+}
   (You found it on level 2 of the Dungeon)

   Attacks with this weapon are significantly faster.
   rPois:     It protects you from poison.
   Stlth:     It makes you more stealthy.
 b - a +0 sling of electrocution
 e - a +0 glaive
 g - a +1 long sword of holy wrath
 w - a +4 war axe of flaming
 z - a +2 flail of draining
Missiles
 y - 3 datura-tipped darts
Jewellery
 r - an amulet of regeneration (around mantle)
 s - a ring of protection from cold (left tentacle)
 t - an amulet of reflection
 u - a ring of see invisible (right tentacle)
Wands
 h - a wand of paralysis (6)
Scrolls
 f - 2 scrolls of identify
 l - a scroll of teleportation
 p - 2 scrolls of silence
 A - 2 scrolls of immolation
Potions
 c - a potion of resistance
 d - a potion of mutation
 i - 2 potions of flight
 j - 2 potions of lignification
 k - a potion of cancellation
 m - a potion of haste
 n - a potion of might
 o - a potion of invisibility {unknown}
 v - a potion of brilliance
 x - a potion of ambrosia
 B - 2 potions of degeneration {unknown}
 C - a potion of curing {unknown}


   Skills:
 + Level 4.2 Fighting
 + Level 3.5 Maces & Flails
 + Level 4.6 Dodging
 - Level 3.4 Unarmed Combat
 + Level 4.4 Spellcasting
 + Level 2.9 Hexes
 * Level 5.5 Summonings
 + Level 4.6 Transmutations


You had 6 spell levels left.
You knew the following spells:

 Your Spells              Type           Power      Damage    Failure   Level
a - Beastly Appendage     Tmut           42%        N/A       1%          1
b - Wereblood             Tmut           21%        N/A       3%          2
c - Summon Small Mammal   Summ           100%       N/A       1%          1
d - Call Canine Familiar  Summ           25%        N/A       4%          3
e - Summon Guardian Gole  Hex/Summ       20%        N/A       7%          3

Your spell library contained the following spells:

 Spells                   Type           Power      Damage    Failure   Level
 Tukima's Dance           Hex            15%        N/A       12%         3
 Spider Form              Tmut/Pois      13%        N/A       16%         3
 Gell's Gravitas          Tloc           4%         N/A       36%         3
 Lesser Beckoning         Tloc           4%         N/A       36%         3
 Teleport Other           Tloc           4%         N/A       36%         3
 Ice Form                 Ice/Tmut       13%        N/A       45%         4
 Yara's Violent Unravell  Hex/Tmut       9%         3d6       58%         5
 Hailstorm                Conj/Ice       4%         3d4       78%         4
 Passage of Golubria      Tloc           4%         N/A       78%         4
 Simulacrum               Ice/Necr       2%         N/A       100%        6
 Orb of Destruction       Conj           2%         9d5       100%        7
 Spellforged Servitor     Conj/Summ      7%         N/A       100%        7


Dungeon Overview and Level Annotations

Branches:
Dungeon (7/15)
 Temple: D:4-7

Altars:
Kikubaaqudgha

Shops:
D:6 [

Annotations:
D:5 1 runed translucent door, Crazy Yiuf


Innate Abilities, Weirdness & Mutations

You cannot wear most types of armour.
You are amphibious.
You can wear up to eight rings at the same time.
Your skin changes colour to match your surroundings (Stealth+).
Your rubbery body absorbs attacks. (AC +1, EV +1)
((You are camouflaged when in or above water. (Stealth+)))
You have tentacles for arms and can constrict up to eight enemies at once.


Message History

You feel your attacks grow feeble. The gnoll closely misses you.
The gnoll misses you.
The gnoll hits you from afar with a +0 spear!
The gnoll hits you with a +0 club.
The gnoll bouda hits you with a +0 whip!
The sky beast hits you. The sky beast shocks you.
The gnoll hits you with a +0 club. The gnoll misses you.
The gnoll hits you with a +0 club. The gnoll hits you but does no damage.
You climb upwards.
There is a stone staircase leading down here.
You hit the gnoll.
You feel a bit better.
You kill the gnoll!
The gnoll bouda misses you. The sky beast barely misses you.
The gnoll closely misses you.
Casting: Wereblood (safe; 3% risk of failure)
Confirm with . or Enter, or press ? or * to list all spells.
Your attacks no longer feel as feeble.
The gnoll bouda hits you with a +0 whip.
The sky beast hits you. The sky beast shocks you.
* * * LOW HITPOINT WARNING * * *
The gnoll misses you.
Your magical contamination has completely faded away.
You sock the gnoll bouda! You grab the gnoll bouda.
The gnoll bouda is heavily wounded.
You constrict the gnoll bouda.
The gnoll bouda gazes fiercely through you!
You feel your attacks grow feeble. The gnoll bouda completely misses you.
The sky beast hits you.
* * * LOW HITPOINT WARNING * * *
The sky beast shocks you.
* * * LOW HITPOINT WARNING * * *
Okay, then.
Okay, then.
A red film seems to cover your vision as you go berserk!
You feel yourself moving faster!
You feel mighty!
You constrict the gnoll bouda. The gnoll hits you with a +0 club.
* * * LOW HITPOINT WARNING * * *
Your hound bites the gnoll bouda.
The gnoll bouda hits you with a +0 whip!
You die...

..<##.....##.....................
...##.##...........#.............
#..#...#.......[...#.............
#.........................#......
###.##.............#......#......
####.............#........^....
####..........................
#...........Y.g......#........
#............@g......#........
#...#...##..).h......>....###.
#...##...#................#.##
######..###....##.............
#######.....†##..........
#........###..#......
##.........###.......
##...............###
###..##...........#


You could see a sky beast, a gnoll bouda (ally target), a gnoll (swift) and a
friendly hound (summoned).

Vanquished Creatures
  Sigmund (D:5)
  A steam dragon (D:6)
  A black bear (D:6)
  An orc warrior (D:6)
  A sky beast (D:6)
  2 ogres
  A centaur (D:6)
  3 scorpions
  4 wights (D:4)
  A jelly (D:6)
  An orc priest (D:6)
  4 hounds
  3 orc wizards
  An iguana (D:6)
  5 gnolls
  5 adders
  A white imp (D:6)
  2 dart slugs
  14 orcs
  12 endoplasms
  5 giant cockroaches
  7 goblins
  4 hobgoblins
  4 jackals (D:4)
  6 kobolds
  2 quokkas
  4 ball pythons
  9 bats
  3 frilled lizards (D:2)
  10 rats
118 creatures vanquished.

Vanquished Creatures (collateral kills)
  A hound (D:5)
  An iguana (D:6)
  3 orc wizards
  A white imp (D:6)
  An endoplasm (D:4)
  2 rats (D:3)
9 creatures vanquished.

Vanquished Creatures (others)
  An ogre (D:6)
  A plant (D:1)
2 creatures vanquished.

Grand Total: 129 creatures vanquished

Notes
Turn   | Place    | Note
-------+----------+-------------------------------------------
     0 | D:1      | croobank the Octopode Transmuter began the quest for the
                  | Orb.
     0 | D:1      | Reached XP level 1. HP: 13/13 MP: 3/3
   100 | D:1      | Found a faded altar of an unknown god.
   107 | D:1      | Reached XP level 2. HP: 4/18 MP: 3/5
   335 | D:1      | Learned a level 2 spell: Wereblood
   672 | D:1      | Reached XP level 3. HP: 23/23 MP: 2/6
  1615 | D:2      | Reached XP level 4. HP: 29/29 MP: 3/7
  1917 | D:2      | Identified the +8 mace "Suycaimu" {speed, rPois Stlth+}
  1951 | D:2      | Found an ancient bone altar of Kikubaaqudgha.
  2536 | D:3      | Noticed an ogre
  2544 | D:3      | Killed an ogre
  2545 | D:3      | Reached skill level 1 in Summonings
  2545 | D:3      | Reached XP level 5. HP: 34/34 MP: 5/9
  2605 | D:3      | Learned a level 1 spell: Summon Small Mammal
  3357 | D:4      | Learned a level 3 spell: Call Canine Familiar
  3377 | D:4      | Reached skill level 1 in Maces & Flails
  3397 | D:4      | Reached skill level 2 in Summonings
  3397 | D:4      | Reached XP level 6. HP: 40/40 MP: 7/10
  3558 | D:4      | Reached XP level 7. HP: 31/45 MP: 2/11
  3632 | D:4      | Learned a level 3 spell: Summon Guardian Golem
  4288 | D:5      | Entered Level 5 of the Dungeon
  4304 | D:5      | Reached skill level 3 in Summonings
  4481 | D:5      | Noticed Sigmund
  4490 | D:5      | Reached skill level 1 in Hexes
  4501 | D:5      | Killed Sigmund
  4593 | D:5      | Reached XP level 8. HP: 52/52 MP: 1/13
  4685 | D:5      | Identified the +2 scale mail of Egalitarianism {rN+++ Str+9
                  | Int-3}
  4709 | D:5      | Found a runed translucent door.
  4710 | D:5      | Noticed Crazy Yiuf
  4820 | D:5      | Reached skill level 4 in Summonings
  5721 | D:6      | Reached skill level 5 in Summonings
  5925 | D:6      | Reached XP level 9. HP: 22/58 MP: 8/15
  6298 | D:6      | Found Ajekh's Armour Shop.
  6503 | D:6      | Slain by a gnoll bouda

Illustrated notes

Levels and vault maps discovered:
D:1:      eino_arrival_cavern_b, layout_rooms,
          ebering_ecumenical_altar_petrified, serial_forest,
          infiniplex_forest_diagonal, infiniplex_forest_lined_room_2,
          infiniplex_forest_clump_C, infiniplex_forest_corner_1,
          infiniplex_forest_corner_1, infiniplex_forest_zigzag_1,
          infiniplex_forest_zigzag_1, corexii_leaking_fountain
D:2:      layout_loops_ring, basic_altar, roderic_serpentine_path, minivault_24
D:3:      layout_basic, hangedman_abyss_or_decor_lesser_grid
D:4:      layout_loops_cross
D:5:      layout_cave_pools, uniq_crazy_yiuf_cottage, uniq_sigmund
D:6:      layout_cave_pools, serial_shops, nicolae_lakefront_shop, st_stairs_14
D:7:      lemuel_insect_pit, layout_rooms, minmay_temple_entry_glassed_door,
          chequers_serial_rivers_micro_b, kennysheep_small_square

Skill      XL: |  1  2  3  4  5  6  7  8 |
---------------+-------------------------+-----
Fighting       | 2 3 4 |  4.2
Summonings     | 1 2 3 5 |  5.5
Maces & Flails | 1 2 3 |  3.5
Transmutations | 3 4 |  4.6
Dodging        | 3 4 |  4.6
Spellcasting   | 3 4 |  4.4
Hexes          | 1 2 |  2.9
Unarmed Combat | |  3.4

Action                   |  1- 3 |  4- 6 |  7- 9 || total
-------------------------+-------+-------+-------++-------
Melee: Unarmed           |    72 |     7 |       ||    79
       Tentacles         |    15 |     5 |    14 ||    34
       Constrict         |    17 |    10 |    21 ||    48
       Kick              |    15 |    13 |    30 ||    58
       Punch             |     1 |     4 |     2 ||     7
       Mace              |       |    61 |    91 ||   152
 Fire: Sling             |       |       |     3 ||     3
 Cast: Beastly Appendage |    24 |    18 |    21 ||    63
       Wereblood         |    19 |    17 |    24 ||    60
       Summon Small Mamm |       |    13 |    19 ||    32
       Call Canine Famil |       |     2 |    11 ||    13
       Summon Guardian G |       |       |     5 ||     5
  Use: Potion            |       |       |     7 ||     7
       Scroll            |       |       |    16 ||    16
 Stab: Sleeping          |     3 |    10 |     1 ||    14
Armor: Skin              |     6 |     4 |     4 ||    14
Dodge: Dodged            |    37 |    36 |    87 ||   160
